AoeStats
← raybae2000

Black Forest

510535732Analyzed
4v4 RM · 2d ago on Oct 1, 2026· 67m 17s· 8 players
Game mode
Random Map
Map size
Large (8 player)
Population
200
Speed
Normal
Resources
Standard
Victory
Conquest
Starting age
Dark Age
Ending age
Imperial Age
RankedLock teamsTeams togetherTeam positionsShared explorationLock speedFull tech treeHidden civsTurbo modeCheats
Victory
Defeat
🇬🇧 Persians · United Kingdom
858
+14
🇬🇧 Britons · United Kingdom
851
+15
🇬🇧 Danes · United Kingdom
841
+15
🇬🇧 Bohemians · United Kingdom
785
+17
🇷🇺 Chinese · Russia
853
-17
🇷🇺 Burmese · Russia
815
-15
🇨🇳 Bohemians · China
802
-15
🇺🇸 Khmer · United States
798
-14
unknxwwwn
20:34 Feudal Age
25:18 Double-Bit Axe
25:16 Horse Collar
26:01 Gold Mining
26:01 Stone Mining
31:45 Castle Age
32:59 Heavy Plow
33:11 Bow Saw
33:38 Gold Shaft Mining
33:38 Stone Shaft Mining
35:04 Fortified Wall
36:06 Wheelbarrow
36:19 Murder Holes
38:04 Great Wall
40:01 Masonry
43:34 Imperial Age
41:19 Caravan
41:41 Pikeman
42:21 Squires
42:07 Arson
42:56 Hand Cart
43:15 Thumb Ring
43:34 Padded Archer Armor
43:25 Fletching
43:36 Scale Mail Armor
43:48 Forging
45:05 Conscription
45:09 Rocketry
44:46 Town Watch
44:46 Loom
46:04 Two-Man Saw
45:30 Town Patrol
46:15 Ballistics
45:50 Halberdier
47:42 Heavy Scorpion
50:27 Leather Archer Armor
50:08 Bodkin Arrow
50:49 Iron Casting
50:30 Chain Mail Armor
50:52 Heavy Rocket Cart
53:37 Architecture
54:07 Chemistry
52:52 Elite Chu Ko Nu
59:36 Plate Mail Armor
60:06 Blast Furnace
59:07 Bracer
59:37 Ring Archer Armor
Royce
0:43 Loom
13:45 Feudal Age
21:32 Castle Age
23:13 Gold Mining
29:04 Ballistics
29:49 Wheelbarrow
30:12 Bloodlines
30:04 Husbandry
30:55 Gold Shaft Mining
30:41 Fletching
30:51 Padded Archer Armor
31:42 Hand Cart
41:17 Imperial Age
38:40 Pikeman
39:21 Squires
39:07 Arson
39:08 Gambesons
39:29 Scale Mail Armor
39:39 Forging
42:03 Iron Casting
43:02 Fortified Wall
44:18 Halberdier
49:45 Blast Furnace
49:00 Chain Mail Armor
50:19 Horse Collar
54:16 Plate Mail Armor
eleven
13:02 Feudal Age
13:29 Double-Bit Axe
14:22 Wheelbarrow
13:41 Horse Collar
17:57 Castle Age
17:07 Stone Mining
17:32 Gold Mining
18:57 Hand Cart
18:58 Bow Saw
27:02 Heavy Plow
29:37 Imperial Age
29:40 Forging
29:31 Scale Mail Armor
29:37 Scale Barding Armor
29:32 Padded Archer Armor
29:23 Fletching
30:21 Town Watch
30:22 Loom
32:24 Gold Shaft Mining
32:37 Stone Shaft Mining
32:21 Town Patrol
33:02 Iron Casting
32:29 Padded Archer Armor
32:24 Bodkin Arrow
32:45 Chain Mail Armor
32:35 Scale Barding Armor
33:33 Chemistry
32:39 Siege Engineers
32:55 Ballistics
32:47 Masonry
32:48 Fortified Wall
33:19 Conscription
33:18 Double Crossbow
34:44 Crop Rotation
35:20 Blast Furnace
34:37 Leather Archer Armor
34:24 Bracer
34:04 Crossbowman
34:14 Capped Ram
36:16 Coinage
35:46 Caravan
35:42 Pikeman
36:08 Arson
36:11 Arbalester
36:52 Heavy Scorpion
37:04 Halberdier
38:55 Banking
40:06 Chain Barding Armor
40:22 Ring Archer Armor
40:28 Architecture
42:23 Elite Skirmisher
44:13 Siege Ram
59:34 Onager
61:06 Light Cavalry
61:58 Bloodlines
61:49 Husbandry
62:44 Cavalier
62:47 Hussar
seven^^
12:03 Feudal Age
16:21 Castle Age
14:41 Double-Bit Axe
27:50 Horse Collar
34:30 Imperial Age
32:37 Wheelbarrow
33:35 Chemistry
33:17 Bow Saw
34:11 Heavy Plow
35:36 Forging
35:27 Scale Mail Armor
35:38 Caravan
38:43 Two-Man Saw
37:38 Houfnice
39:58 Hand Cart
39:22 Pikeman
40:05 Squires
39:55 Arson
40:50 Iron Casting
40:30 Chain Mail Armor
40:16 Padded Archer Armor
40:06 Fletching
41:16 Hussite Reforms
40:39 Halberdier
40:57 Elite Skirmisher
45:03 Blast Furnace
44:34 Plate Mail Armor
44:19 Leather Archer Armor
44:00 Bodkin Arrow
44:32 Ballistics
45:02 Siege Engineers
45:09 Fortified Wall
57:56 Ring Archer Armor
57:26 Bracer
FrostyF20
0:28 Loom
14:33 Feudal Age
15:06 Horse Collar
15:16 Double-Bit Axe
17:42 Wheelbarrow
23:25 Castle Age
24:57 Bow Saw
24:59 Heavy Plow
29:27 Hand Cart
32:46 Fletching
33:00 Caravan
35:54 Imperial Age
35:07 Chemistry
36:11 Wagenburg Tactics
37:59 Conscription
38:10 Houfnice
39:16 Elite Hussite Wagon
41:35 Conscription
41:50 Siege Engineers
41:42 Murder Holes
41:59 Fortified Wall
42:00 Masonry
42:11 Ballistics
41:53 Bodkin Arrow
42:16 Forging
42:06 Scale Mail Armor
43:09 Town Watch
Rojeed
0:27 Loom
15:21 Feudal Age
20:16 Castle Age
19:48 Double-Bit Axe
19:45 Horse Collar
21:46 Bow Saw
23:44 Wheelbarrow
23:16 Crossbowman
23:53 Fletching
24:04 Padded Archer Armor
25:21 Hand Cart
25:32 Heavy Plow
31:01 Stone Mining
31:04 Gold Mining
35:08 Imperial Age
34:00 Bodkin Arrow
34:21 Leather Archer Armor
35:15 Forging
34:55 Gambesons
35:11 Squires
34:31 Man-at-Arms
37:18 Gold Shaft Mining
37:25 Yeomen
37:14 Bracer
37:55 Elite Longbowman
39:36 Conscription
40:23 Chemistry
39:44 Ballistics
39:33 Siege Engineers
39:40 Fortified Wall
39:43 Masonry
39:24 Guard Tower
40:21 Caravan
41:48 Ring Archer Armor
41:53 Iron Casting
41:19 Scale Mail Armor
41:08 Arrowslits
41:19 Murder Holes
41:05 Treadmill Crane
41:08 Long Swordsman
41:09 Pikeman
41:34 Arson
42:25 Halberdier
42:25 Two-Handed Swordsman
43:15 Champion
50:23 Blast Furnace
49:38 Chain Mail Armor
55:03 Warwolf
raybae2000
0:42 Loom
14:53 Feudal Age
20:30 Castle Age
18:48 Double-Bit Axe
18:59 Horse Collar
20:54 Gold Mining
22:26 Bow Saw
22:33 Heavy Plow
23:53 Gold Shaft Mining
28:20 Wheelbarrow
29:25 Hand Cart
33:59 Imperial Age
32:59 Hamask
33:50 Town Watch
34:03 Fletching
34:23 Forging
34:14 Scale Mail Armor
35:51 Chemistry
35:11 Ballistics
35:01 Masonry
35:05 Onager
36:11 Gambesons
36:26 Squires
35:46 Pikeman
37:24 Bodkin Arrow
38:04 Iron Casting
37:45 Chain Mail Armor
37:38 Town Patrol
37:32 Halberdier
41:16 Siege Engineers
41:42 Bracer
42:43 Blast Furnace
42:14 Plate Mail Armor
42:45 Conscription
42:39 Man-at-Arms
43:06 Arson
43:22 Murder Holes
43:41 Long Swordsman
43:42 Elite Varangian Guard
46:54 Hoardings
46:45 Northmen's Fury
46:46 Elite Jomsviking
47:35 Caravan
52:13 Siege Onager
52:40 Two-Handed Swordsman
54:44 Champion
Bourny96
0:36 Loom
12:38 Feudal Age
15:27 Horse Collar
17:50 Castle Age
19:46 Wheelbarrow
24:03 Bloodlines
25:53 Double-Bit Axe
27:39 Heavy Plow
27:52 Bow Saw
30:40 Scale Barding Armor
33:01 Kamandaran
35:47 Imperial Age
33:58 Ballistics
33:34 Murder Holes
34:07 Hand Cart
34:59 Chain Barding Armor
34:50 Forging
35:15 Padded Archer Armor
37:37 Crop Rotation
37:16 Cavalier
37:31 Crossbowman
38:47 Savar
40:40 Chemistry
40:40 Conscription
41:51 Caravan
42:51 Plate Barding Armor
42:51 Iron Casting
42:31 Leather Archer Armor
42:07 Fletching
42:52 Iron Casting
42:33 Leather Archer Armor
42:09 Fletching
42:08 Elite War Elephant
44:15 Thumb Ring
47:40 Light Cavalry
57:17 Bodkin Arrow
58:23 Blast Furnace
60:44 Hussar
Connection lost

Rejoining the realm…

Still unreachable

The connection could not be restored.

Session expired

The server has moved on; the page needs a fresh start.